[Event "*** Titled Tuesday Blitz"]
[Site "Chess.com"]
[Date "2020.11.24"]
[Round "3"]
[White "Satscho"]
[Black "mikheeva86"]
[Result "1-0"]
[WhiteElo "2302"]
[BlackElo "1968"]
[TimeControl "180+1"]
[EndTime "10:44:47 PST"]
[Termination "Satscho won on time"]

1. e4 e5 2. Nf3 Nc6 3. Bb5 Nd4 4. Nxd4 exd4 5. O-O Bc5 6. d3 c6 7. Ba4 Ne7 8. Bg5 f6 9. Bh4 O-O 10. Qh5 Bb6 11. Nd2 Kh8 12. f4 d5 13. Rae1 dxe4 14. Nxe4 Bf5 15. Ng3 Bg6 16. Qg4 Nd5 17. f5 Ne3 18.
Qh3 Bxf5 19. Nxf5 Nxf1 20. Rxf1 Qe8 21. Bb3 Qg6 22. Rf4 Rae8 23. Qf3 Re5 24. Nxg7 Kxg7 25. Rg4 Rg5 26. Bxg5 fxg5 27. Qg3 h6 28. h4 Qf5 29. hxg5 Qf1+ 30. Kh2 h5 31. Qe5+ Kg6 32. Qe6+ 1-0

[Event "*** Titled Tuesday Blitz"]
[Site "Chess.com"]
[Date "2020.11.24"]
[Round "3"]
[White "DishonorOnYourCow"]
[Black "Chernobay_Artem"]
[Result "0-1"]
[WhiteElo "2437"]
[BlackElo "2695"]
[TimeControl "180+1"]
[EndTime "10:44:49 PST"]
[Termination "Chernobay_Artem won by checkmate"]

1. d4 Nf6 2. c4 g6 3. Nc3 Bg7 4. e4 d6 5. f3 O-O 6. Nge2 c5 7. Be3 Nc6 8. d5 Ne5 9. Ng3 e6 10. Be2 h5 11. O-O h4 12. Nh1 exd5 13. cxd5 h3 14. g4 a6 15. a4 Qb6 16. Qd2 Bxg4 17. fxg4 Nfxg4 18. Nf2 Nxe3 19. Qxe3 Qb4 20. Qxh3 f5 21.
Kh1 f4 22. Qe6+ Rf7 23. Nh3 Qxb2 24. Rac1 f3 25. Bxf3 Nxf3 26. Rxf3 Qxc1+ 27. Kg2 Rf8 28. Ng5 Qxg5+ 29. Rg3 Qd2+ 30. Kh3 Bxc3 31. Qxg6+ Bg7 32.
Qh5 Rf2 33. Kg4 R8f4+ 34. Kg5 Rxe4+ 35. Kg6 Rf6# 0-1

[Event "*** Titled Tuesday Blitz"]
[Site "Chess.com"]
[Date "2020.11.24"]
[Round "3"]
[White "burbur555"]
[Black "LiamVrolijk"]
[Result "1-0"]
[WhiteElo "2606"]
[BlackElo "2796"]
[TimeControl "180+1"]
[EndTime "10:44:50 PST"]
[Termination "burbur555 won by resignation"]

1. d4 Nf6 2. Nf3 d5 3. g3 Bf5 4. Bg2 e6 5. Nbd2 c5 6. Nh4 Bg4 7. h3 Bh5 8. g4 Nfd7 9. Nhf3 Bg6 10. c4 Nc6 11. cxd5 exd5 12. dxc5 Nxc5 13. Nb3 Ne4 14. Be3 Bb4+ 15. Kf1 O-O 16. h4 h6 17. Nbd4 Re8 18.
Rc1 Qd7 19. h5 Bh7 20. g5 Ng3+ 21. fxg3 Rxe3 22. gxh6 gxh6 23. Nxc6 bxc6 24. Qa4 Qe7 25. Qxc6 Re8 26. Rh4 Bf5 27. Qxd5 Be6 28. Qd4 Bf5 29.
Qxb4 Qxb4 30. Rxb4 Rxe2 31. Nd4 R2e4 32. Bxe4 Rxe4 33. Rb8+ 1-0

[Event "*** Titled Tuesday Blitz"]
[Site "Chess.com"]
[Date "2020.11.24"]
[Round "3"]
[White "CakeinSpace2002"]
[Black "chessdjw"]
[Result "0-1"]
[WhiteElo "2398"]
[BlackElo "2666"]
[TimeControl "180+1"]
[EndTime "10:44:50 PST"]
[Termination "chessdjw won by resignation"]

1. d4 Nf6 2. c4 g6 3. Nc3 d5 4. e3 Bg7 5. Nf3 O-O 6. Bd3 c5 7.
O-O cxd4 8. exd4 Bg4 9. cxd5 Nxd5 10. h3 Be6 11. Re1 Nxc3 12. bxc3 Bd5 13. Bg5 Nc6 14.
Qe2 Re8 15. Rad1 Rc8 16. Bb1 Qa5 17. Bd2 Qa4 18. Ne5 Nxe5 19. dxe5 a6 20. Be3 e6 21. Bd4 Qc6 22. f3 b5 23. h4 h5 24. Qd2 Red8 25.
Qg5 Rd7 26. Rf1 Qa8 27. Qf4 Rc4 28. Bd3 Ra4 29. Bb1 Bxa2 30. Bxa2 Rxa2 31. g4 hxg4 32. Qxg4 Qd8 33. h5 gxh5 34. Qxh5 b4 35. f4 bxc3 36. Bxc3 Qb6+ 37. Kh1 Qc6+ 0-1

[Event "*** Titled Tuesday Blitz"]
[Site "Chess.com"]
[Date "2020.11.24"]
[Round "3"]
[White "Meri-Arabidze"]
[Black "GigaQuparadze"]
[Result "0-1"]
[WhiteElo "2616"]
[BlackElo "2848"]
[TimeControl "180+1"]
[EndTime "10:44:51 PST"]
[Termination "GigaQuparadze won on time"]

1. Nf3 Nf6 2. c4 e6 3. Nc3 Bb4 4. Qc2 b6 5. a3 Bxc3 6. Qxc3 Bb7 7. b4 d6 8. Bb2 O-O 9. e3 Nbd7 10. Be2 e5 11. O-O Re8 12. d3 a5 13. Rfd1 Qe7 14. h3 h6 15. d4 Ne4 16. Qe1 Ng5 17. d5 Nxf3+ 18. Bxf3 f5 19. e4 fxe4 20. Bxe4 Rf8 21. Bc3 axb4 22. axb4 Nf6 23. f3 Nxe4 24. Qxe4 b5 25.
c5 dxc5 26. Qxe5 Qxe5 27. Bxe5 Rxa1 28. Rxa1 cxb4 29. d6 c5 30. Ra5 Bc6 31. Ra6 Bd7 32. Ra7 Rf7 33. Rc7 c4 34. f4 b3 35. g4 Be6 36. Rc5 Rb7 37. f5 Bd7 38. h4 h5 39.
gxh5 Bxf5 40. Kf2 Be6 41. Ke3 b4 42. Rc7 Rxc7 43. dxc7 c3 44. Kd3 b2 0-1

[Event "*** Titled Tuesday Blitz"]
[Site "Chess.com"]
[Date "2020.11.24"]
[Round "3"]
[White "VladimirBugayev"]
[Black "kkpanu9"]
[Result "1-0"]
[WhiteElo "2317"]
[BlackElo "2052"]
[TimeControl "180+1"]
[EndTime "10:44:52 PST"]
[Termination "VladimirBugayev won on time"]

1. e4 c5 2. Nc3 d6 3. f4 g6 4. Nf3 Bg7 5. Bc4 Nc6 6. d3 Nf6 7. O-O e6 8. Qe1 O-O 9. Qh4 d5 10. Bb3 Nd4 11. e5 Nd7 12. Qxd8 Rxd8 13. Nxd4 cxd4 14. Ne2 g5 15. g3 gxf4 16. gxf4 Nc5 17.
Nxd4 a5 18. a4 Nxb3 19. Nxb3 f6 20. d4 b6 21. Kf2 Rf8 22. Ke1 fxe5 23. fxe5 Rxf1+ 24. Kxf1 Bd7 25. Be3 Rc8 26. c3 Rc4 27. Nd2 Rxa4 28.
Rxa4 Bxa4 29. b3 Bd7 30. Ke2 Be8 31. c4 dxc4 32. Nxc4 a4 33. bxa4 Bxa4 34. Nxb6 Bb5+ 35. Kf3 Kf7 36. Nc8 Kg6 37. Nd6 Bd7 38. Ke4 Bf8 39. d5 exd5+ 40. Kxd5 Bxd6 41. Kxd6 Be8 42. Ke7 1-0

[Event "*** Titled Tuesday Blitz"]
[Site "Chess.com"]
[Date "2020.11.24"]
[Round "3"]
[White "elcandado"]
[Black "mjray79"]
[Result "1-0"]
[WhiteElo "2658"]
[BlackElo "2429"]
[TimeControl "180+1"]
[EndTime "10:44:53 PST"]
[Termination "elcandado won by checkmate"]

1. d4 Nf6 2. Bf4 g6 3. Nc3 d5 4.
Nb5 Na6 5. a4 Bf5 6. e3 c6 7.
Na3 Bg7 8. Nf3 Nc7 9. h3 Nd7 10. Be2 O-O 11. O-O Re8 12. c3 f6 13. Bh2 e5 14. b4 e4 15. Nd2 g5 16. c4 Be6 17.
b5 f5 18. Nb3 Rf8 19. bxc6 bxc6 20. Na5 c5 21. Nc6 Qe8 22. Bxc7 Rc8 23. Nb5 Nf6 24. Ncxa7 Ra8 25. Bd6 Rf7 26. Bxc5 f4 27. Nd6 Qd7 28. Nxf7 Bxf7 29. Bg4 Nxg4 30. Qxg4 Be6 31. Qxg5 f3 32. gxf3 exf3 33. Kh1 Kh8 34. Rg1 Rg8 35. Rg3 Qf7 36.
Rag1 Bf5 37. Qxg7+ Rxg7 38. Rxg7 Qxg7 39. Rxg7 Kxg7 40.
cxd5 Bxh3 41. a5 Kf7 42. a6 Ke8 43. Nb5 Kd8 44. a7 Bg2+ 45. Kh2 Kd7 46. a8=Q h5 47. Qc6+ Kd8 48. d6 h4 49. Qc7+ Ke8 50. Qe7# 1-0

[Event "*** Titled Tuesday Blitz"]
[Site "Chess.com"]
[Date "2020.11.24"]
[Round "3"]
[White "Jumbo"]
[Black "Roman_Ovetchkin"]
[Result "1-0"]
[WhiteElo "2853"]
[BlackElo "2616"]
[TimeControl "180+1"]
[EndTime "10:44:54 PST"]
[Termination "Jumbo won on time"]

1. d4 Nf6 2. Bf4 d6 3. Nc3 Nbd7 4. Nf3 c5 5. d5 a6 6. a4 Qa5 7.
Bd2 g6 8. e4 Bg7 9. h3 O-O 10.
Bd3 Qc7 11. b3 e6 12. dxe6 fxe6 13. e5 Nxe5 14. Nxe5 dxe5 15. O-O Bd7 16. Qe2 Bc6 17.
Rae1 Nd5 18. Ne4 Nf4 19. Bxf4 Rxf4 20. Nxc5 Qf7 21. Bc4 Bd5 22. g3 Rxc4 23. bxc4 Bf3 24. Qe3 Qf5 25. Kh2 Rf8 26. Nd7 Qh5 27. Nxf8 Bg4 28. h4 Kxf8 29. Qg5 Qxg5 30. hxg5 Bf3 31.
Re3 Bc6 32. a5 Ke7 33. Rd1 e4 34. Rb3 Be5 35. Rdb1 Kd6 36. Rxb7 1-0

[Event "*** Titled Tuesday Blitz"]
[Site "Chess.com"]
[Date "2020.11.24"]
[Round "3"]
[White "GianmarcoVaR"]
[Black "Aleksey_Sorokin"]
[Result "0-1"]
[WhiteElo "2600"]
[BlackElo "2818"]
[TimeControl "180+1"]
[EndTime "10:44:56 PST"]
[Termination "Aleksey_Sorokin won on time"]

1. d4 Nf6 2. Nf3 g6 3. Bg5 Ne4 4. Bh4 Bg7 5. c3 O-O 6. e3 d5 7.
Nbd2 c5 8. Be2 Nc6 9. Nxe4 dxe4 10. Nd2 cxd4 11. exd4 Bf5 12. g4 Be6 13. Nxe4 Qd5 14. Bf3 Bxg4 15. Nf6+ exf6 16. Bxd5 Rfe8+ 17. Kd2 Bxd1 18. Raxd1 Rad8 19. Bxc6 bxc6 20. Rhe1 Kf8 21. Kd3 Re6 22. f3 Rd5 23. Bg3 Ke7 24. b4 Kd7 25. Kc4 Rf5 26. Rxe6 fxe6 27. Rd3 h5 28. a4 a6 29. Kb3 g5 30. h3 Bf8 31. c4 h4 32. Bh2 Bd6 33. Bxd6 Kxd6 34. Kc3 Rf4 35. Kd2 e5 36. Ke3 f5 37. Rd2 Rxd4 38. Rxd4+ exd4+ 39.
Kxd4 g4 40. fxg4 fxg4 41. Ke3 g3 42. Kf3 Ke5 43. Kg2 Kd4 44. b5 cxb5 45. cxb5 axb5 46.
axb5 Kc5 47. b6 Kxb6 48. Kf3 Kb5 49. Ke3 Kc5 0-1

[Event "*** Titled Tuesday Blitz"]
[Site "Chess.com"]
[Date "2020.11.24"]
[Round "3"]
[White "oskariot"]
[Black "Snegokhod"]
[Result "1-0"]
[WhiteElo "2647"]
[BlackElo "2423"]
[TimeControl "180+1"]
[EndTime "10:44:56 PST"]
[Termination "oskariot won by resignation"]

1. c4 Nf6 2. g3 c6 3. Bg2 d5 4.
b3 g6 5. Bb2 Bg7 6. Nf3 O-O 7.
O-O dxc4 8. bxc4 Be6 9. d3 Qc8 10. Nbd2 Bh3 11. Rb1 Bxg2 12. Kxg2 Nbd7 13. Qb3 b6 14. a4 Nc5 15. Qa3 Re8 16. a5 Qa6 17.
Ra1 Nfd7 18. Bxg7 Kxg7 19. Qb2+ Kg8 20. axb6 Qxb6 21. Qc3 e5 22. Rfb1 Qc7 23. Qa5 Qxa5 24. Rxa5 a6 25. Ng5 f5 26. Nb3 Nb7 27. Ra3 h6 28.
Nf3 Ra7 29. Rba1 Rea8 30. Na5 Nd8 31. Rb1 Kf7 32. Rab3 Ke6 33. e3 Kd6 34. d4 exd4 35.
exd4 g5 36. Re1 c5 37. d5 Kc7 38. Re7 Kd6 39. Rh7 Kc7 40. Rxh6 Rb8 41. Rxb8 Kxb8 42. Nxg5 Kc7 43. Rh7 Kd6 44. f4 Ra8 45. Nf7+ Nxf7 46. Rxf7 Nb6 47. Rf6+ Kc7 48. Rc6+ Kd7 49. Rxb6 1-0

[Event "*** Titled Tuesday Blitz"]
[Site "Chess.com"]
[Date "2020.11.24"]
[Round "3"]
[White "sbouchet"]
[Black "lefonghua"]
[Result "1-0"]
[WhiteElo "2324"]
[BlackElo "2500"]
[TimeControl "180+1"]
[EndTime "10:44:56 PST"]
[Termination "sbouchet won by resignation"]

1. e4 c5 2. c3 Nf6 3. e5 Nd5 4. d4 cxd4 5. Nf3 d6 6. Bc4 Nb6 7. Bb3 Nc6 8. exd6 Qxd6 9. O-O Bf5 10. Na3 a6 11. Nc2 d3 12. Ncd4 Nxd4 13. Nxd4 Bg6 14.
Qf3 Qc7 15. Bf4 Qc8 16. Rfe1 Nd7 17. Bd5 Ra7 18. Be3 e5 19. Nf5 b6 20. Rad1 Bc5 21. Bxc5 Qxc5 22. Nxg7+ Kd8 23. Bxf7 Rf8 24. Ne6+ Ke7 25.
Nxc5 Rxf7 26. Qc6 bxc5 27. Rxe5+ Nxe5 28. Qxc5+ Kf6 29. Qd6+ Kg7 30. Qxe5+ Rf6 31. f4 Rf7 32. g3 Rf8 33. Rd2 Kg8 34. Kf2 Kg7 35. h4 h5 36.
b4 Re8 37. Qc7+ Rf7 38. Qc5 Rfe7 39. Qd4+ Kh7 40. Rxd3 Bxd3 41. Qxd3+ Kh6 42. Qxa6+ Re6 43. Qd3 Kg7 44. a4 R6e7 45. a5 Rc8 46. a6 Rec7 47.
b5 Rxc3 48. Qd4+ Kh7 49. b6 Rc2+ 50. Ke3 R8c3+ 51. Ke4 Rc4 52. b7 Re2+ 53. Kd3 Rd2+ 54. Kxc4 Rxd4+ 1-0

[Event "*** Titled Tuesday Blitz"]
[Site "Chess.com"]
[Date "2020.11.24"]
[Round "3"]
[White "Shankland"]
[Black "Tayson_7"]
[Result "1/2-1/2"]
[WhiteElo "2899"]
[BlackElo "2688"]
[TimeControl "180+1"]
[EndTime "10:44:57 PST"]
[Termination "Game drawn by agreement"]

1. e4 c5 2. Nf3 Nc6 3. d4 cxd4 4. Nxd4 g6 5. c4 Bg7 6. Be3 Qb6 7. Nb5 Qa5+ 8. Bd2 Qb6 9. N1c3 Nf6 10. Be2 O-O 11.
O-O a6 12. Be3 Qa5 13. Na3 d6 14. Qd2 Be6 15. Rfd1 Rfc8 16. f3 Nd7 17. Rac1 Nce5 18. Nd5 Qxd2 19. Bxd2 Kf8 20. b3 Nc6 21. Nc2 Bxd5 22.
cxd5 Nd4 23. Nxd4 Bxd4+ 24. Kf1 Bb2 25. Rb1 Ba3 26. Bd3 Ne5 27. Ke2 Nxd3 28. Kxd3 a5 29. Bc1 Bxc1 30. Rbxc1 Ke8 31. Rc4 b5 32. Rxc8+ Rxc8 33. Rd2 h5 34. Rc2 Rxc2 35. Kxc2 Kd7 36. Kc3 Kc7 37. f4 Kb6 38. Kd4 f6 39. h4 f5 40. a3 Ka6 41. b4 axb4 42. axb4 Kb6 43. Ke3 Kc7 44. Kd4 Kd7 45. e5 Kc7 46. e6 Kb6 47. Kd3 1/2-1/2

[Event "*** Titled Tuesday Blitz"]
[Site "Chess.com"]
[Date "2020.11.24"]
[Round "3"]
[White "lacafi"]
[Black "PlotnikovPavel"]
[Result "0-1"]
[WhiteElo "2211"]
[BlackElo "2495"]
[TimeControl "180+1"]
[EndTime "10:44:57 PST"]
[Termination "PlotnikovPavel won by resignation"]

1. d4 Nf6 2. Nf3 g6 3. c4 Bg7 4. Nc3 O-O 5. e4 d6 6. Be2 e5 7. dxe5 dxe5 8. O-O Nc6 9. Bg5 Be6 10. Nd5 Re8 11.
Qb3 Rb8 12. Rad1 Na5 13. Qa4 Bxd5 14. Rxd5 Qc8 15. Bxf6 Bxf6 16. Qxa5 c6 17. Rd2 Qg4 18. Nxe5 Qg5 19. Nd7 Qxa5 20. Nxf6+ Kg7 21. Nxe8+ Rxe8 22. Rfd1 Rxe4 23. b3 Qe5 24. Bf1 Rh4 25. g3 Re4 26. Rd7 Qa5 27. Rxb7 Re6 28. a4 Rf6 29. Re7 Qf5 30.
Re2 Qf3 31. Rb1 Rd6 32. Reb2 Qf5 33. b4 a6 34. b5 cxb5 35. axb5 axb5 36. cxb5 Rb6 37.
Rd1 Qf6 38. Rdb1 Qf5 39. Rd1 Qe5 40. Rdb1 Qe6 41. Rd1 Qc8 42. Rdb1 Qc3 43. Rc2 Qxc2 0-1

[Event "*** Titled Tuesday Blitz"]
[Site "Chess.com"]
[Date "2020.11.24"]
[Round "3"]
[White "NeverW84M8"]
[Black "guillembaches"]
[Result "1-0"]
[WhiteElo "2573"]
[BlackElo "2397"]
[TimeControl "180+1"]
[EndTime "10:44:58 PST"]
[Termination "NeverW84M8 won on time"]

1. d4 Nf6 2. Bg5 e6 3. Nd2 h6 4. Bh4 d5 5. Ngf3 Be7 6. e3 O-O 7. Bd3 b6 8. O-O Bb7 9. Qe2 Qd7 10.
Ne5 Qd8 11. f4 Ne4 12. Bxe7 Qxe7 13. Nxe4 dxe4 14. Bc4 Nd7 15. c3 c5 16. Qh5 Nf6 17.
Qh4 Nd5 18. Qf2 Rad8 19. Rae1 a6 20. f5 b5 21. Bb3 c4 22. Bd1 Nf6 23. Qh4 Rde8 24.
Rf2 Bd5 25. Ref1 Nh7 26. Qg3 Qg5 27. Bg4 h5 28. fxe6 fxe6 29. h4 Qh6 30. Bh3 Rxf2 31. Rxf2 Rf8 32. Ng6 Rxf2 33. Kxf2 Nf8 34. Nf4 Qf6 35. Qg5 Qf7 36. Kg3 Qc7 37. Qxh5 Qe7 38. Qg5 Bb7 39. Qxe7 1-0

[Event "*** Titled Tuesday Blitz"]
[Site "Chess.com"]
[Date "2020.11.24"]
[Round "3"]
[White "Grandmaster2B"]
[Black "DonPreuss"]
[Result "1-0"]
[WhiteElo "2503"]
[BlackElo "2241"]
[TimeControl "180+1"]
[EndTime "10:44:58 PST"]
[Termination "Grandmaster2B won by resignation"]

1. e4 e5 2. Nf3 d5 3. exd5 e4 4. Qe2 Nf6 5. Nc3 Be7 6. Nxe4 O-O 7. d3 Nxd5 8. Qd1 f5 9. Nc3 Bb4 10. Bd2 Re8+ 11. Be2 Bxc3 12. bxc3 Nc6 13. O-O Qf6 14.
d4 Bd7 15. Bc4 Be6 16. Re1 Bf7 17. Ng5 Rxe1+ 18. Qxe1 Re8 19. Qd1 Na5 20. Bd3 Nb6 21. Nxf7 Qxf7 22. Qf3 Nac4 23. Bf4 c6 24. h3 Na4 25.
Bf1 h6 26. Rb1 g5 27. Bxc4 Qxc4 28. Be5 Qf7 29. c4 Nb6 30. c5 Nd5 31. c4 Nf6 32. Qxf5 Re6 33. Kh2 h5 34. Qxg5+ Kh7 35. Qf5+ Kh6 36.
Rb3 Ng4+ 37. hxg4 Qxf5 38. gxf5 Re7 39. Bf4+ Kg7 40. Rg3+ Kf6 41. Bg5+ Kf7 42. Bxe7 Kxe7 43. Re3+ Kf6 44. Re5 b6 45. f4 h4 46. Kh3 b5 47.
cxb5 cxb5 48. d5 a5 49. d6 a4 50. d7 1-0

[Event "*** Titled Tuesday Blitz"]
[Site "Chess.com"]
[Date "2020.11.24"]
[Round "3"]
[White "lider34"]
[Black "Geller_Jakov"]
[Result "0-1"]
[WhiteElo "2431"]
[BlackElo "2679"]
[TimeControl "180+1"]
[EndTime "10:44:59 PST"]
[Termination "Geller_Jakov won on time"]

1. e4 c5 2. c3 d5 3. exd5 Qxd5 4. d4 Nf6 5. Nf3 Bg4 6. Be2 e6 7. O-O Nc6 8. h3 Bh5 9. Be3 cxd4 10. Nxd4 Bxe2 11. Qxe2 Bc5 12. Nb5 Rc8 13. Rd1 Qe5 14. N1a3 Bxa3 15. bxa3 O-O 16. f4 Qb8 17. Bc5 Qxf4 18.
Bxf8 Rxf8 19. Rf1 Qg5 20. Rad1 Nd5 21. Qd2 Qe7 22. c4 Qc5+ 23. Qf2 Qxc4 24. Nd6 Qc3 25. Nxf7 Qe3 26. Kh1 Qxf2 27. Rxf2 Rxf7 28. Re2 Rf6 29. Rde1 e5 30. Rd2 Nf4 31. Rd7 Rf7 32. Rd6 Re7 33.
Rb1 e4 34. Rf1 e3 35. Kh2 e2 36. Re1 Re3 37. g3 Nd3 38. Rxd3 Rxd3 39. Rxe2 Rxa3 0-1

[Event "*** Titled Tuesday Blitz"]
[Site "Chess.com"]
[Date "2020.11.24"]
[Round "3"]
[White "beautroll"]
[Black "EdmundPlayer"]
[Result "1-0"]
[WhiteElo "2399"]
[BlackElo "2119"]
[TimeControl "180+1"]
[EndTime "10:44:59 PST"]
[Termination "beautroll won by resignation"]

1. e4 e5 2. Nf3 Nc6 3. Bc4 Bc5 4. c3 Nf6 5. d3 d6 6. Bg5 h6 7. Bh4 a5 8. h3 Be6 9. Nbd2 Bxc4 10. Nxc4 b5 11. Ne3 Bxe3 12. fxe3 Qe7 13. O-O Qe6 14. d4 Nd8 15. Qd3 Rb8 16. Bg3 exd4 17. exd4 O-O 18. e5 dxe5 19. Nxe5 Nc6 20. Rae1 Nxe5 21. Bxe5 Qc6 22. Bxf6 gxf6 23. Qg3+ Kh7 24. Qh4 Rg8 25.
Rf2 Rg6 26. Re7 Qd5 27. Rxc7 Rbg8 28. g4 f5 29. Qh5 Qxa2 30. Qxf5 Rg7 31. Rxf7 Rxf7 32.
Qxf7+ Qxf7 33. Rxf7+ Rg7 34. Rxg7+ Kxg7 35. Kf2 Kf6 36.
Kf3 Ke6 37. h4 Kd5 38. g5 b4 39. cxb4 a4 40. gxh6 Kc4 41. h7 1-0

[Event "*** Titled Tuesday Blitz"]
[Site "Chess.com"]
[Date "2020.11.24"]
[Round "3"]
[White "VinzentSpitzl"]
[Black "canary2016"]
[Result "1-0"]
[WhiteElo "2366"]
[BlackElo "1966"]
[TimeControl "180+1"]
[EndTime "10:44:59 PST"]
[Termination "VinzentSpitzl won on time"]

1. e4 c5 2. Nf3 d6 3. d4 cxd4 4. Nxd4 Nf6 5. Nc3 a6 6. Bg5 e6 7.
Qe2 Be7 8. O-O-O Nc6 9. f4 h6 10. Bh4 Qb6 11. Nb3 Bd7 12. g4 Rc8 13. Bg2 e5 14. f5 Na5 15. Bxf6 Bxf6 16. Nd5 Nxb3+ 17. axb3 Qxb3 18. Kb1 Qc4 19. Qxc4 Rxc4 20. h4 Be7 21. g5 hxg5 22. hxg5 Rg8 23. f6 gxf6 24. gxf6 Bf8 25. Bf3 Be6 26. b3 Rc6 27. Rh7 Rg3 28. Bh5 Rg2 29. Ne3 Rg3 30. Nf5 Rg2 31. Rc1 Rf2 32.
Ng7+ Kd7 33. Nxe6 Kxe6 34. Bxf7+ Kxf6 35. Bd5 Rc8 36. Rf7+ Kg6 37. Rxf2 Bg7 38. Rg1+ Kh7 39. Rh2+ 1-0

[Event "*** Titled Tuesday Blitz"]
[Site "Chess.com"]
[Date "2020.11.24"]
[Round "3"]
[White "Saylormoon"]
[Black "ChessQueen"]
[Result "0-1"]
[WhiteElo "2368"]
[BlackElo "2750"]
[TimeControl "180+1"]
[EndTime "10:45:01 PST"]
[Termination "ChessQueen won by resignation"]

1. e4 c6 2. c4 d5 3. cxd5 cxd5 4. exd5 Nf6 5. Qa4+ Nbd7 6. Nc3 g6 7. Bc4 Bg7 8. d3 O-O 9. Nf3 a6 10. Qa3 Rb8 11.
Bf4 Ra8 12. O-O Nb6 13. Qb3 Bg4 14. Ne5 Bf5 15. h3 Nfd7 16. Nxd7 Nxd7 17. a4 Nc5 18. Qd1 Rc8 19. Rc1 Qb6 20. Be3 Qxb2 21. Ne2 Nxa4 22. Rb1 Qa3 23. Rxb7 Nb2 24. Qb3 Nxc4 25. dxc4 Qxb3 26.
Rxb3 Rxc4 27. Rb7 Bf6 28. Ra7 Ra4 29. Ng3 Bd3 30. Rd1 Bb5 31. d6 exd6 32. Rxd6 Be5 33. Rd5 Bxg3 34. fxg3 Re4 35. Bh6 Rfe8 36. Rc5 R4e7 37.
Rxe7 Rxe7 38. Rc8+ Re8 39. Rc7 Ra8 40. Kf2 a5 41. Rc3 a4 42. Ra3 Bc4 43. Ke3 Bb3 44. Kd4 f6 45. Bf4 Kf7 46. Bd6 Rd8 47. Kc5 Rc8+ 48.
Kb5 Rc2 0-1

[Event "*** Titled Tuesday Blitz"]
[Site "Chess.com"]
[Date "2020.11.24"]
[Round "3"]
[White "ZverevLev"]
[Black "KarstenHansch"]
[Result "1-0"]
[WhiteElo "2286"]
[BlackElo "2494"]
[TimeControl "180+1"]
[EndTime "10:45:01 PST"]
[Termination "ZverevLev won by checkmate"]

1. e4 c6 2. d4 d5 3. e5 Bf5 4.
Nd2 e6 5. Nb3 a6 6. Be2 c5 7.
Nxc5 Bxc5 8. dxc5 Qa5+ 9. c3 Qxc5 10. Be3 Qc7 11. f4 Ne7 12. Nf3 Be4 13. O-O Nbc6 14. a4 Bxf3 15. Bxf3 g5 16. Qe2 Nf5 17. Bc1 O-O-O 18.
b4 d4 19. b5 d3 20. Qf2 Na5 21. b6 Qc4 22. fxg5 Nb3 23. Rb1 d2 24. Ba3 Qxc3 25.
Rxb3 Qxb3 26. Qc5+ Kd7 27. Qc7+ Ke8 28. Bxb7 Qe3+ 29.
Kh1 Qxa3 30. Bc6+ Kf8 31. Qxd8+ Kg7 32. Qf6+ Kg8 33. b7 Qb2 34. g4 Qb6 35. Bg2 h6 36.
gxf5 hxg5 37. fxe6 fxe6 38. Qf7# 1-0

[Event "*** Titled Tuesday Blitz"]
[Site "Chess.com"]
[Date "2020.11.24"]
[Round "3"]
[White "SaqoChess_Twitch"]
[Black "Rainmond"]
[Result "0-1"]
[WhiteElo "2503"]
[BlackElo "2775"]
[TimeControl "180+1"]
[EndTime "10:45:03 PST"]
[Termination "Rainmond won by resignation"]

1. d4 g6 2. c4 Bg7 3. Nc3 e6 4.
Nf3 Ne7 5. h3 d5 6. e3 Nbc6 7.
Be2 O-O 8. O-O a5 9. b3 b6 10.
Bb2 Bb7 11. a3 h6 12. c5 bxc5 13. dxc5 e5 14. Nb5 g5 15. Qc2 Bc8 16. Bc3 Be6 17.
Qb2 Ng6 18. b4 Qe7 19. Rfd1 h5 20. Nh2 g4 21. hxg4 hxg4 22. Bxg4 f5 23. Bf3 Rab8 24.
Nxc7 Qxc7 25. Bxd5 Bxd5 26. Rxd5 axb4 27. axb4 Rfd8 28.
Rad1 Rxd5 29. Rxd5 Nce7 30. Rd6 Rd8 31. Qb3+ Kh8 32. Rxd8+ Qxd8 33. b5 Qd5 34. Qxd5 Nxd5 35. b6 Nge7 36. Bd2 Nc6 37. f3 Bf8 38. e4 Bxc5+ 39.
Kh1 fxe4 40. fxe4 Nf6 41. Nf3 Bxb6 42. Bc3 Ng4 43. Nh2 Nf2+ 44. Kg1 Nxe4+ 45. Kf1 Nxc3 46. Ng4 e4 47. Nf6 e3 48. Ng4 e2+ 49. Ke1 Nb4 50. Kd2 Nd3 51. Ne3 Bxe3+ 52. Kxd3 e1=Q 0-1

[Event "*** Titled Tuesday Blitz"]
[Site "Chess.com"]
[Date "2020.11.24"]
[Round "3"]
[White "Zhigalko_Sergei"]
[Black "pooh2012"]
[Result "0-1"]
[WhiteElo "2885"]
[BlackElo "2476"]
[TimeControl "180+1"]
[EndTime "10:45:03 PST"]
[Termination "pooh2012 won on time"]

1. e4 c6 2. d4 d5 3. e5 Bf5 4. Nf3 e6 5. Be2 Nd7 6. O-O Bg6 7. Nbd2 Nh6 8. Nb3 Nf5 9. c3 Be7 10. g4 Nh6 11. h3 Ng8 12. Ne1 h5 13. gxh5 Bf5 14. Bg4 Nh6 15. Ng2 Bg5 16. f4 Be7 17. Be3 g6 18. hxg6 Bxg6 19. Qe2 Nf5 20. Bf2 Qc7 21. a4 O-O-O 22. a5 a6 23. Nc1 Rdg8 24.
b4 Nh6 25. Bg3 Be4 26. Kf2 Nf5 27. Rg1 Nxg3 28. Kxg3 f5 29. exf6 Nxf6 30. Nd3 Bf5 31. Nf2 Nh5+ 32. Kh2 Nxf4 33. Nxf4 Qxf4+ 34. Kg2 Bd6 35. Kf1 Rxh3 36. Rg2 Rh1+ 37. Rg1 Rxg1+ 38. Kxg1 Bxg4 0-1

[Event "*** Titled Tuesday Blitz"]
[Site "Chess.com"]
[Date "2020.11.24"]
[Round "3"]
[White "Das_Virus_2020"]
[Black "shaheus"]
[Result "1-0"]
[WhiteElo "2500"]
[BlackElo "2218"]
[TimeControl "180+1"]
[EndTime "10:45:03 PST"]
[Termination "Das_Virus_2020 won on time"]

1. e4 d5 2. exd5 Nf6 3. Nc3 Nxd5 4. Bc4 c6 5. Qf3 e6 6. Nge2 Nd7 7. Qg3 Be7 8. d4 O-O 9. h4 Kh8 10. Ne4 N7b6 11.
Bb3 a5 12. a4 f6 13. c3 Qe8 14.
h5 f5 15. Nd6 Qd7 16. Nc4 Nxc4 17. Bxc4 Bd6 18. Qd3 f4 19. Bb3 Qf7 20. Bc2 Qf5 21.
Qxf5 exf5 22. c4 Nb4 23. Bb1 c5 24. d5 Be5 25. Nxf4 Bd7 26. O-O Rae8 27. Ra3 Bd4 28. Rg3 Re7 29. b3 Be8 30. h6 g6 31. Ne6 Rff7 32.
Nxd4 cxd4 33. Bb2 Kg8 34. Bxd4 Re4 35. Bb6 f4 36. Bxe4 fxg3 37. fxg3 Rxf1+ 38. Kxf1 1-0

[Event "*** Titled Tuesday Blitz"]
[Site "Chess.com"]
[Date "2020.11.24"]
[Round "3"]
[White "ajedrezhoy"]
[Black "ZEN-22"]
[Result "1/2-1/2"]
[WhiteElo "2224"]
[BlackElo "2434"]
[TimeControl "180+1"]
[EndTime "10:45:04 PST"]
[Termination "Game drawn - insufficient material"]

1. e4 e6 2. d4 c5 3. d5 d6 4. c4 b5 5. cxb5 a6 6. bxa6 Bxa6 7. Bxa6 Nxa6 8. Nc3 Nf6 9. Nf3 exd5 10. exd5 Be7 11. O-O O-O 12. Bf4 Re8 13. Qd2 Qd7 14. h3 h6 15. Rfe1 Bf8 16. a3 Qf5 17. Bg3 Nc7 18.
Rxe8 Rxe8 19. Rd1 Ne4 20. Nxe4 Rxe4 21. b3 g5 22. a4 Rb4 23. Qd3 Qxd3 24. Rxd3 c4 25. bxc4 Rxc4 26. Rd4 Rc1+ 27. Kh2 Rc5 28. Nd2 Rxd5 29. Rxd5 Nxd5 30. Ne4 f5 31. Nxd6 f4 32. Bxf4 Nxf4 33. Nc4 Nd3 34. Kg3 Bc5 35. f3 Kg7 36. Kh2 Kg6 37. g3 h5 38. Kg2 h4 39. gxh4 gxh4 40.
a5 Kf5 41. Nd2 Kf4 42. Ne4 Bd4 43. Nd6 Ne1+ 44. Kh1 Nxf3 45. a6 Ng5 46. Nb5 Bc5 47. a7 Bxa7 48. Nxa7 Kg3 49. Nc6 Nxh3 50. Nd4 Nf2+ 51.
Kg1 Ne4 52. Nf5+ Kg4 53. Nxh4 1/2-1/2

[Event "*** Titled Tuesday Blitz"]
[Site "Chess.com"]
[Date "2020.11.24"]
[Round "3"]
[White "Vuk2000"]
[Black "Eliwood44"]
[Result "0-1"]
[WhiteElo "2744"]
[BlackElo "2476"]
[TimeControl "180+1"]
[EndTime "10:45:05 PST"]
[Termination "Eliwood44 won by resignation"]

1. d4 Nf6 2. Bg5 d5 3. e3 c5 4. c3 Nc6 5. Bxf6 gxf6 6. Nd2 Bf5 7.
dxc5 a5 8. Bb5 e6 9. Qa4 Qc7 10. Nb3 Rg8 11. Ne2 Rxg2 12. Ng3 Be4 13. Nxe4 dxe4 14.
Qxe4 Rg5 15. Rd1 f5 16. Qh4 Rg7 17. Qa4 Rg4 18. f4 Be7 19. Nd4 Kf8 20. Bxc6 bxc6 21. Nxc6 Bxc5 22. Ne5 Qxe5 23. fxe5 Rxa4 24. a3 Re4 25.
Rd3 Bxe3 26. Kd1 f4 27. Rf1 Rxe5 28. Kc2 Ke7 29. b4 axb4 30. axb4 Ra2+ 31. Kb3 Rxh2 32. c4 Rd2 33. Rc3 Bd4 34. Rcf3 Re3+ 35. Rxe3 fxe3 36. c5 e2 37. Rc1 Rd1 0-1